 Dungeon Crawl Stone Soup version 0.19-a0-1401-g902f63d (webtiles) character file.

4 4thArraOfDagon the Chiller (level 1, -1/16 HPs)
             Began as a Troll Ice Elementalist on Sept 4, 2016.
             Was an Initiate of Qazlal.
             Slain by a worm (8 damage)
             ... on level 3 of the Dungeon.
             The game lasted 00:00:28 (89 turns).

4thArraOfDagon the Chiller (Troll Ice Elementalist)   Turns: 89, Time: 00:00:28

Health: -1/16      AC:  5    Str: 15    XL:     1   Next: 58%
Magic:  1/1        EV: 10    Int: 11    God:    Qazlal [......]
Gold:   0          SH:  0    Dex: 10    Spells: 1 memorised, 1 level left

rFire  . . .     SeeInvis .       - Unarmed
rCold  . . .     Gourm    +     a - +0 robe
rNeg   . . .     Faith    .     (no shield)
rPois  .         Spirit   .     (helmet restricted)
rElec  .         Dismiss  .     (no cloak)
rCorr  .         Reflect  .     (gloves unavailable)
MR     .....     Harm     .     (boots unavailable)
Stlth  +.........               (no amulet)
                                (no ring)
                                (no ring)

@: slowed, very slow
A: unfitting armour, claws 3, fast metabolism 3, gourmand, regeneration 1,
shaggy fur 1, tough skin 2
a: Renounce Religion


You were on level 3 of the Dungeon.
You worshipped Qazlal.
Qazlal was noncommittal.
You were full.

You visited 1 branch of the dungeon, and saw 3 of its levels.

Inventory:

Armour
 a - a +0 robe (worn)
Scrolls
 d - a scroll of fear {unknown}
 e - a scroll of remove curse {unknown}
Books
 b - a book of Frost

   Spells                             Type                      Level
   a - Freeze                         Ice                          1
   b - Throw Frost                    Conjuration/Ice              2
   c - Ozocubu's Armour               Charms/Ice                   3
   d - Throw Icicle                   Conjuration/Ice              4
   e - Summon Ice Beast               Ice/Summoning                4
Comestibles
 c - 2 bread rations


   Skills:
 - Level 1.5 Dodging
 - Level 1.1 Stealth
 * Level 1.2 Unarmed Combat
 - Level 1.2 Spellcasting
   Level 0.6 Conjurations
 - Level 2.1 Ice Magic


You had one spell level left.
You knew the following spells:

 Your Spells              Type           Power        Failure   Level  Hunger
a - Freeze                Ice            #...         14%         1    ##.....


Dungeon Overview and Level Annotations

Branches:
Dungeon (3/15)

Altars:
Qazlal

Annotations:
D:2 Natasha


Innate Abilities, Weirdness & Mutations

You are too large for most types of armour.
You have claws for hands.
Your metabolism is lightning-fast.
You like to eat raw meat.
Your natural rate of healing is unusually fast.
You are covered in fur. (AC +1)
You have very tough skin. (AC +2)


Message History

Orders for allies: a - Attack new target. r - Retreat! s - Stop attacking. g - Guard the area. f - Follow me.
Anything else - Cancel.
You shout for attention!
You hear a shout!
An orc comes into view. It is wielding a club.
Unknown command.
The worm barely misses you.
You scratch the worm.
The worm is lightly wounded.
The worm bites you!
Ouch! That really hurt!
You claw the worm!
The worm is heavily wounded.
The worm bites you.
You barely miss the worm.
The worm is moderately wounded.
The goblin hits you with a dagger. The worm bites you!
Ouch! That really hurt!
You die...

#.#.# #.# .o..#
#.# .g..# #.#
....# .. #.#
....#
#...###.####....#
+..........+....+
#....##.####....#
+... +..g@wo%...#
#.. ##.####....#
#. #.. ....# +
... ......+ #....
+###### #....
#..... #..


You could see a worm, an orc and a goblin.

Vanquished Creatures
  A worm (D:1)
  A giant cockroach (D:2)
2 creatures vanquished.

Vanquished Creatures (others)
  A kobold (D:2)
1 creature vanquished.

Grand Total: 3 creatures vanquished

Notes
Turn   | Place    | Note
-------+----------+-------------------------------------------
     0 | D:1      | 4thArraOfDagon the Troll Ice Elementalist began the quest for the Orb.
     0 | D:1      | Reached XP level 1. HP: 16/16 MP: 1/1
    10 | D:1      | Reached skill level 1 in Unarmed Combat
    27 | D:2      | Found a stormy altar of Qazlal.
    34 | D:2      | Became a worshipper of Qazlal Stormbringer
    57 | D:2      | Noticed Natasha
    62 | D:2      | Noticed a crimson imp
    89 | D:3      | Slain by a worm

Vault maps used:
D:1:      dpeg_arrival_brainrot
D:2:      lemuel_doored_altar, lemuel_crystal_altar, fiery_altar_vehumet,
          first_bread, uniq_natasha, uniq_sigmund
D:3:      trog_book, uniq_jessica

Skill      XL: |  1 |
---------------+----+-----
Unarmed Combat | 1 |  1.2
Dodging        | |  1.5
Stealth        | |  1.1
Spellcasting   | |  1.2
Conjurations   | |  0.6
Ice Magic      | |  2.1

Action                   || total
-------------------------++-------
Melee: Unarmed           ||    11
  Eat: Chunk             ||     3
Armor: Robe              ||     1
Dodge: Dodged            ||     3
